FIQ, neutral female sylph Wizard --- ---- -------- --- |.| |.. ......|---- |.- -- ---- -.| |.. ....|!%)| |. .--- ... .| ..- ...|%![| |. ...---- ..--.| |..| -----..|...| --. ....|.-- ...|.-----..| |.(.|..--)--- - ..--- ....... -.... .....| |((.).............- -...--- ---.....-.| |.... ....|---- |(($|......--+- | |.....| |.........| ....- -...|(((|+------..{...| |.....----.........| ....| +...|(((|.............| |...............>..| ...| |...|...--+-.....---|-------------.|............[...| ..----..%--|-- |..-|-|.............[............(.......-- -...|........| |..|[.|----....---------...--........[....| ----- |...|..#.....----..|..|$%.-....|......||..------.........-- --...----|...|-....{........|..|!%.|....-...@@.||.-- --........| |.....--.|...--..|.)..#.....--------....|......||.| |...--..-- |...<....%[[..)..--.....................|---------- -.--- --- --.........------.)[........------------- .| |.........| ---.....)....| .| |..--..|..| ----.--.---- --- --- ------- ------ FIQ the Conjurer Experience level: 5 Strength: 10 Dexterity: 11 Constitution: 13 Intelligence: 19 Wisdom: 14 Charisma: 9 Health: 40(40) Energy: 60(60) Def: 1 Gold: 316 Moves: 1730 Dungeon seed: ffbJTegFT1ObLQNQ Game ID: FIQ_1442531458 Your Inventory: Coins $ - 316 gold pieces Weapons a - a blessed +1 quarterstaff (weapon in hands) Armor e - a blessed +0 cloak of magic resistance (being worn) Scrolls i - an uncursed scroll of enchant weapon j - a blessed scroll of gold detection D - an uncursed scroll of scare monster Spellbooks l - a blessed spellbook of force bolt m - a blessed spellbook of magic missile n - an uncursed spellbook of protection Potions f - an uncursed potion of speed g - an uncursed potion of object detection h - 3 uncursed potions of healing p - an uncursed potion of gain energy Rings c - an uncursed ring of poison resistance d - an uncursed ring of searching Wands B - an uncursed wand of teleportation (0:8) Tools o - an uncursed magic marker (0:81) Spells and supernatural/magical abilities: Name Level Category Fail Memory a - force bolt 1 attack 0% 92% c - cause fear 3 enchantment 0% 96% m - magic missile 2 attack 0% 92% p - protection 1 clerical 0% 92% W - pray for help -- divine ? -- Your skills at the end: Fighting Skills Weapon Skills quarterstaff [Basic] Spellcasting Skills attack spells [Basic] enchantment spells [Basic] Final Attributes: You were devoutly aligned. You were magic-protected. You saw invisible. You had infravision. You were stealthy. You were protected from shape changers. You were lucky. You survived. Vanquished creatures: a ghost a human zombie a gnome lord 2 elf zombies 2 giant ants 2 kittens 2 dwarves a homunculus a hobbit 8 gnomes 5 jackals a kobold 2 goblins 5 grid bugs a lichen a kobold zombie 4 newts 40 creatures vanquished. Voluntary challenges: You followed a strict vegan diet. You used a wielded weapon 53 times, starting on turn 111. You read items or engraved 8 times, starting on turn 20. You never genocided any monsters. You never polymorphed an object. You never changed form. You used no wishes. You never split a pudding. You wrote Elbereth's name 1 time, starting on turn 1210. You never violated your personal moral code. Dungeon overview: The Dungeons of Doom: levels 1 to 3 Level 1 a fountain a long staircase Level 2 some fountains stairs to The Gnomish Mines Level 3 The Gnomish Mines: levels 3 to 5 Level 3 stairs to The Dungeons of Doom Level 4 Level 5 <- You were here many shops, a temple to Ptah, some fountains, some trees History has recorded: On T:1 you entered the Dungeons of Doom to retrieve the Amulet of Yendor! On T:211 you reached level 3 of The Dungeons of Doom. On T:353 you reached level 2 of The Dungeons of Doom. On T:701 you advanced to experience level 2. On T:1087 you reached level 1 of The Gnomish Mines. On T:1129 you advanced to experience level 3. On T:1162 you reached level 2 of The Gnomish Mines. On T:1262 you advanced to experience level 4. On T:1501 you reached level 3 of The Gnomish Mines. On T:1619 you advanced to experience level 5. Score breakdown: Gold: 316 ( 31 points) Experience: 5 levels ( 400 points) Exploration: 5 levels ( 120 points) Discoveries: 4 items ( 200 points) Variety of kills: 17 monsters ( 850 points) Major goal: (nothing yet) ( 0 points) Survival: quit (score multiplied by 3) Total score: 4803 Latest messages: Final status: Goodbye FIQ the Wizard, quit... You quit in The Gnomish Mines on dungeon level 5 with 4803 points, and 316 pieces of gold, after 1730 moves. You were level 5 with a maximum of 40 hit points when you quit.